 Dungeon Crawl Stone Soup version 0.29.1-2-gbd0b4ee654 (webtiles) character file.

Game seed: 18090072598340336083

2002 firemarshallily the Covert (level 9, -5/81 HPs)
             Began as a Naga Brigand on Oct 28, 2022.
             Slain by an acid dragon (9 damage)
             ... on level 7 of the Dungeon.
             The game lasted 00:17:32 (8771 turns).

firemarshallily the Covert (Naga Brigand)           Turns: 8771, Time: 00:17:33

Health: -5/81      AC: -3    Str: 13    XL:     9   Next: 22%
Magic:  18/18      EV:  9    Int: 11    God:
Gold:   81         SH:  0    Dex: 20    Spells: 8/8 levels left

rFire   . . .      SeeInvis +   s - +7 short sword "Cufymexo" {vorpal, rC+ MP+9 Stlth+}
rCold   + . .      Faith    .   (no shield)
rNeg    . . .      Spirit   .   b - +0 robe
rPois   +          Reflect  .   (no helmet)
rElec   .          Harm     .   c - +0 cloak
rCorr   .          Rampage  .   y - +1 pair of gloves
Will    ++...                   (no barding)
Stlth   +++++++...              (no amulet)
HPRegen 0.23/turn               o - ring of willpower
MPRegen 0.16/turn               (no ring)

@: corroded, unable to drink, very slow
A: AC +3, large, see invisible, deformed body, poison resistance, slowness 2,
spit poison 1, naga tail 1, iridescent scales 1, agile 1, inability to drink
after injury 1
a: Spit Poison


You were on level 7 of the Dungeon.
You visited 2 branches of the dungeon, and saw 8 of its levels.

You collected 291 gold pieces.
You spent 210 gold pieces at shops.

Inventory:

Hand Weapons
 a - a +2 dagger
 s - the +7 short sword "Cufymexo" (weapon) {vorpal, rC+ MP+9 Stlth+}
   (You found it on level 4 of the Dungeon)

   It inflicts extra damage upon your enemies.
   rC:        It protects you from cold.
   MP:        It affects your magic capacity (+9).
   Stlth:     It makes you more stealthy.
Missiles
 d - 29 poisoned darts
 e - 5 curare-tipped darts
Armour
 b - a +0 robe (worn)
 c - a +0 cloak (worn)
 y - a +1 pair of gloves (worn)
Jewellery
 o - a ring of willpower (left hand)
 t - an amulet of faith
Wands
 w - a wand of paralysis (20)
Scrolls
 f - 2 scrolls of vulnerability
 i - 6 scrolls of teleportation
 k - a scroll of magic mapping
 l - 2 scrolls of enchant armour {unknown}
 m - 2 scrolls of enchant weapon
 n - a scroll of fog
 r - a scroll of amnesia
 u - a scroll of fear
 A - a scroll of silence
 D - a scroll of immolation {unknown}
Potions
 g - a potion of mutation
 h - a potion of lignification
 j - 2 potions of ambrosia {unknown}
 p - a potion of cancellation {unknown}
 q - a potion of attraction {unknown}
 v - a potion of invisibility {unknown}
 x - a potion of curing
 z - a potion of berserk rage {unknown}
 B - a potion of heal wounds
 C - 2 potions of resistance


   Skills:
 + Level 5.5 Fighting
 * Level 7.7 Short Blades
 - Level 1.7 Throwing
 - Level 0.7 Dodging
 * Level 12.8 Stealth


You had 8 spell levels left.
You didn't know any spells.
Your spell library contained the following spells:

 Spells                   Type           Power      Damage    Failure   Level
 Static Discharge         Conj/Air       0%         3-3/arc   47%         2
 Lightning Bolt           Conj/Air       0%         1d11      100%        5
 Maxwell's Capacitive Co  Air            0%         ∞         100%        8


Dungeon Overview and Level Annotations

Branches:
Dungeon (7/15)             Temple (1/1) D:4

Altars:
Ashenzari
Dithmenos
Fedhas
Gozag
Hepliaklqana
Makhleb
Nemelex Xobeh
Okawaru
Qazlal
Ru
Sif Muna
Trog
Uskayaw
Vehumet
Yredelemnul
Zin
The Shining One

Shops:
D:6 *

Annotations:
D:3 3 runed translucent doors, Grinder; erofeev's ghost, amateur SpDe
D:5 Sigmund


Innate Abilities, Weirdness & Mutations

Your serpentine skin is tough. (AC +3)
You have supernaturally acute eyesight. (SInv)
Armour fits poorly on your strangely shaped body.
Your system is resistant to poisons. (rPois)
You cover ground very slowly.
You can spit poison.
You have a snake-like lower body.
You are partially covered in iridescent scales. (AC +2)
You are agile. (Dex +4, Str/Int -1)
You occasionally lose the ability to drink potions when taking damage.


Message History

The acid dragon completely resists.
Unknown command.
Throw: 7 darts (curare)
Press: ? - help, Shift-Dir - straight line, f/p - acid dragon
Aim: an acid dragon (catching its breath, 64% to hit)
You throw a curare-tipped dart.
The curare-tipped dart hits the acid dragon.
Unknown command.
The acid dragon spits acid at you. The splash of acid hits you!
The acid corrodes you!
You have got your breath back.
The acid dragon spits acid at you. The splash of acid hits you!!
The acid corrodes you! The acid dragon completely misses you.
The acid dragon claws you.
You barely miss the acid dragon. You closely miss the acid dragon.
The acid dragon spits acid at you. The splash of acid hits you!
The acid corrodes you!
You hit the acid dragon but do no damage.
The acid dragon bites you!
You feel threatened and lose the ability to drink potions!
* * * LOW HITPOINT WARNING * * *
The acid dragon barely misses you.
Throw: 6 darts (curare)
Press: ? - help, Shift-Dir - straight line, f/p - acid dragon
Aim: an acid dragon (64% to hit)
You throw a curare-tipped dart.
The curare-tipped dart barely misses the acid dragon.
The acid dragon barely misses you. The acid dragon claws you.
* * * LOW HITPOINT WARNING * * *
Things that are here:
4 stones; a +0 dagger The acid dragon attacks as you move away!
The acid dragon bites you!
* * * LOW HITPOINT WARNING * * *
The acid dragon claws you.
* * * LOW HITPOINT WARNING * * *
There is a stone staircase leading up here.
The acid dragon bites you!
You die...

. #.#. ##.
#... .. #..#
#. ###..##.#
#.......#
#..#..######
#...@.......
#
#..)D....###
#.#)#...##.#
#.......# #
#.....(.#
##.###.## #.
#.# #. #.#
.. #.#


You could see an acid dragon.

Vanquished Creatures
  Pikel (D:6)
  A water moccasin (D:7)
  Duvessa (D:6)
  2 ice beasts (D:6)
  An orc warrior (D:5)
  4 lemures (D:6)
  A phantom (D:5)
  2 kobold brigands
  A necrophage (D:4)
  A scorpion (D:5)
  Dowan (D:6)
  A howler monkey (D:4)
  3 jellies
  A hound (D:4)
  2 orc priests
  A gnoll bouda (D:6)
  2 iguanas
  4 orc wizards
  11 gnolls
  9 adders
  A dart slug (D:4)
  29 orcs
  9 endoplasms
  4 giant cockroaches
  6 goblins
  6 hobgoblins
  4 jackals (D:3)
  21 kobolds
  3 quokkas
  6 ball pythons
  6 bats
  A frilled lizard (D:3)
  3 rats
  A spectral goblin (D:1)
150 creatures vanquished.

Vanquished Creatures (others)
  An orc (D:5)
1 creature vanquished.

Grand Total: 151 creatures vanquished

Notes
Turn   | Place    | Note
-------+----------+-------------------------------------------
     0 | D:1      | firemarshallily the Naga Brigand began the quest for the
                  | Orb.
     0 | D:1      | Reached XP level 1. HP: 19/19 MP: 1/1
   113 | D:1      | Reached skill level 6 in Stealth
   173 | D:1      | Reached XP level 2. HP: 21/26 MP: 2/2
   475 | D:1      | Found a faded altar of an unknown god.
   931 | D:1      | Reached XP level 3. HP: 30/30 MP: 3/3
  2013 | D:3      | Noticed Grinder
  2056 | D:3      | Reached skill level 7 in Stealth
  2056 | D:3      | Reached XP level 4. HP: 40/40 MP: 4/4
  3043 | D:3      | Reached XP level 5. HP: 48/48 MP: 5/5
  3197 | D:3      | Found a runed translucent gate.
  3197 | D:3      | Found a runed translucent gate.
  3197 | D:3      | Found a runed translucent gate.
  3202 | D:3      | Found an opulent altar of Gozag.
  3205 | D:3      | Noticed erofeev's ghost (amateur SpDe)
  3993 | D:4      | Identified the +7 short sword "Cufymexo" {vorpal, rC+ MP+9
                  | Stlth+}
  4109 | D:4      | Found a staircase to the Ecumenical Temple.
  4117 | Temple   | Entered the Ecumenical Temple
  4320 | D:4      | Gained mutation: You occasionally lose the ability to drink
                  | potions when taking damage. [potion of mutation]
  4320 | D:4      | Gained mutation: You are agile. (Dex +4, Str/Int -1)
                  | [potion of mutation]
  4320 | D:4      | Gained mutation: You are partially covered in iridescent
                  | scales. (AC +2) [potion of mutation]
  4329 | D:4      | Reached skill level 8 in Stealth
  4856 | D:4      | Found a basalt altar of Yredelemnul.
  4857 | D:4      | Found an opulent altar of Gozag.
  4899 | D:4      | Reached XP level 6. HP: 56/56 MP: 6/6
  5303 | D:5      | Entered Level 5 of the Dungeon
  5322 | D:5      | Noticed an orc warrior
  5338 | D:5      | Killed an orc warrior
  5339 | D:5      | Reached skill level 9 in Stealth
  5339 | D:5      | Reached XP level 7. HP: 40/62 MP: 7/7
  5458 | D:5      | Reached skill level 5 in Short Blades
  5635 | D:5      | Noticed Sigmund
  6632 | D:6      | Found Ilobei's General Store.
  6643 | D:6      | Reached skill level 10 in Stealth
  6772 | D:6      | Bought a scroll of teleportation for 30 gold pieces
  6772 | D:6      | Bought a potion of heal wounds for 50 gold pieces
  6772 | D:6      | Bought a scroll of teleportation for 30 gold pieces
  6772 | D:6      | Bought a potion of resistance for 100 gold pieces
  6872 | D:6      | Reached XP level 8. HP: 73/73 MP: 8/8
  7298 | D:6      | Reached skill level 11 in Stealth
  7508 | D:6      | Noticed Dowan
  7885 | D:6      | Noticed Duvessa
  7898 | D:6      | Killed Duvessa
  7907 | D:6      | Killed Dowan
  7912 | D:6      | Reached skill level 5 in Fighting
  8120 | D:6      | Noticed Pikel
  8155 | D:6      | Killed Pikel
  8156 | D:6      | Reached skill level 12 in Stealth
  8156 | D:6      | Reached XP level 9. HP: 25/81 MP: 9/9
  8770 | D:7      | HP: 4/81 [acid dragon (2)]
  8771 | D:7      | Slain by an acid dragon

Illustrated notes

Levels and vault maps discovered:
D:1:      grunt_arrival_crossed_arrows, layout_basic,
          dreamdust_ecumenical_altar_drowned_temple
D:2:      layout_basic
D:3:      minmay_chambers_of_threes, layout_loops_corners, ebering_ghost_gozag,
          uniq_grinder
D:4:      layout_gridville, gammafunk_temple_overflow_pools,
          minmay_temple_entry_wispy, minmay_puff
D:5:      layout_cave_pools, guppyfry_early_orc_mine, uniq_sigmund,
          uniq_crazy_yiuf_cottage
D:6:      layout_gridville, serial_shops, shop, hangedman_decor_points,
          uniq_pikel, uniq_duvessa
D:7:      layout_loops_ring, mainiacjoe_overflow_six_doors_small, serial_shops,
          shop, shop, nicolae_shop_temple_entry_statues_fountains,
          nicolae_shop_window_shopping, uniq_menkaure, uniq_prince_ribbit1
Temple:   regret_index_temple_waves

Skill      XL: |  1  2  3  4  5  6  7  8 |
---------------+-------------------------+-----
Stealth        | 6 7 8 9 10 12 | 12.8
Short Blades   | 3 4 5 7 |  7.7
Fighting       | 3 4 5 |  5.5
Throwing       | |  1.7
Dodging        | |  0.7

Action                   |  1- 3 |  4- 6 |  7- 9 || total
-------------------------+-------+-------+-------++-------
Melee: Dagger            |   107 |   114 |       ||   221
       Punch             |     1 |     2 |     1 ||     4
       Short sword       |       |    38 |   200 ||   238
Throw: Dart              |       |     7 |     2 ||     9
 Abil: Spit Poison       |     4 |    10 |    18 ||    32
  Use: Scroll            |     2 |     1 |     4 ||     7
       Potion            |       |     4 |       ||     4
 Stab: Sleeping          |    14 |    11 |     9 ||    34
Armor: Robe              |    27 |    35 |    53 ||   115
       Skin              |       |    10 |       ||    10
Dodge: Dodged            |    39 |    62 |    72 ||   173
